 Dungeon Crawl Stone Soup version 0.29-a0-1009-g60c99734e7 (webtiles) character file.

Game seed: 746939151850436214

259 IdlyInterested the Slasher (level 5, -5/38 HPs)
             Began as a Demonspawn Gladiator on Aug 8, 2022.
             Slain by ytrimaz's ghost (14 damage)
             ... on level 3 of the Dungeon.
             The game lasted 00:08:13 (2737 turns).

IdlyInterested the Slasher (Demonspawn Gladiator)   Turns: 2737, Time: 00:08:13

Health: -5/38      AC:  5    Str: 15    XL:     5   Next: 95%
Magic:  6/6        EV: 13    Int:  9    God:
Gold:   148        SH:  5    Dex: 18    Spells: 6/6 levels left

rFire   + . .      SeeInvis .   a - +0 long sword
rCold   . . .      Faith    .   (no shield)
rNeg    . . .      Spirit   .   v - +1 leather armour {rF+}
rPois   .          Reflect  +   c - +0 helmet
rElec   .          Harm     .   (no cloak)
rCorr   .          Rampage  .   (no gloves)
Will    .....                   (no boots)
Stlth   +++.......              u - amulet of reflection
HPRegen 0.12/turn               (no ring)
MPRegen 0.10/turn               (no ring)

@: no status effects
A: claws 1, ignite blood 1, spiny 2, thin skeletal structure 1, sense
surroundings 1
a: no special abilities


You were on level 3 of the Dungeon.
You visited 1 branch of the dungeon, and saw 3 of its levels.

You collected 148 gold pieces.

Inventory:

Hand Weapons
 a - a +0 long sword (weapon)
 i - a +1 dagger of speed
 l - a +0 rapier
Missiles
 d - 3 throwing nets
 e - 7 javelins
 p - 4 boomerangs (quivered)
 r - 6 poisoned darts
Armour
 c - a +0 helmet (worn)
 f - a +0 chain mail
 v - a +1 leather armour of fire resistance (worn)
Jewellery
 u - an amulet of reflection (around neck)
Scrolls
 o - 2 scrolls of teleportation
Potions
 b - a potion of flight {unknown}
 h - 6 potions of curing
 j - a potion of mutation
 k - a potion of resistance
 q - a potion of cancellation {unknown}
 s - a potion of heal wounds {unknown}
 t - a potion of lignification {unknown}


   Skills:
 - Level 2.0 Fighting
 * Level 5.3 Long Blades
 - Level 2.0 Throwing
 - Level 1.0 Armour
 - Level 3.0 Dodging
 - Level 1.0 Stealth
 + Level 0.1 Unarmed Combat
 - Level 1.0 Spellcasting
 - Level 1.0 Evocations


You had 6 spell levels left.
You didn't know any spells.
Your spell library was empty.

Dungeon Overview and Level Annotations

Branches:
Dungeon (3/15)

Altars:

Shops:
D:1 (   D:3 (

Annotations:
D:3 ytrimaz's ghost, amateur FoFi


Innate Abilities, Weirdness & Mutations

You have sharp fingernails.
Your demonic aura sometimes causes spilled blood to erupt in flames.
You are mostly covered in sharp spines.
You have a somewhat thin skeletal structure. (Dex +2, Stealth+)
You passively map a small area around you.


Message History

You slash the adder!
You kill the adder!
o - 2 scrolls of teleportation (gained 1) HP restored.
Found a stone staircase leading down.
b - a scroll of identify
As you read the scroll of identify, it crumbles to dust.
k - a potion of resistance You now have enough gold to buy a runed falchion on D:1.
You can access your shopping list by pressing '$'.
You now have 132 gold pieces (gained 16).
Found 6 gold pieces.
You now have 142 gold pieces (gained 10).
You now have 148 gold pieces (gained 6).
b - a bubbling golden potion You see here 3 stones.
Found a runed translucent door.
Found a scroll of immolation.
You open the door.
There is an open translucent door here.
A hound comes into view.
Found a long sword and a robe.
The helpless ytrimaz's ghost fails to defend itself.
You slash ytrimaz's ghost!
Ytrimaz's ghost is moderately damaged.
Ytrimaz's ghost hits you.
You hit ytrimaz's ghost.
Ytrimaz's ghost is moderately damaged.
The hound barks!
Ytrimaz's ghost hits you! Ytrimaz's ghost closely misses you.
You closely miss ytrimaz's ghost.
Ytrimaz's ghost is moderately damaged.
The hound bites you. The hound is struck by your spines. The hound misses you.
Ytrimaz's ghost is struck by your spines.
Ytrimaz's ghost hits you!
* * * LOW HITPOINT WARNING * * *
You slash ytrimaz's ghost!
Ytrimaz's ghost is heavily damaged.
The hound misses you. Ytrimaz's ghost hits you!
You die...

.##.............#########
..#.............##
#.#..............#
#######
#.#..............####
#......
#.#......#####......#
#...... .........#
#...##.## #......
..[).....# ######..#
#...... ..)......#
*§h§#...# #......
..)##<..## *§W@§§..#
#..[... ...####.#*
*§§§#..## ####...
.....,,..# *####### #...
.......,.# #...
##.......# ####
,........# ,........*
,..(.....* ,,,,,,,,,*


You could see a hound and ytrimaz's ghost.

Vanquished Creatures
  2 orc priests (D:3)
  2 orc wizards (D:3)
  Terence (D:2)
  4 adders
  3 worms (D:2)
  2 dart slugs (D:1)
  9 orcs (D:3)
  6 ball pythons
  7 endoplasms
  4 giant cockroaches
  3 hobgoblins (D:2)
  2 jackals (D:1)
  4 quokkas (D:1)
  5 bats
  8 frilled lizards
  6 goblins
  4 kobolds
  3 rats (D:2)
75 creatures vanquished.

Notes
Turn   | Place    | Note
-------+----------+-------------------------------------------
     0 | D:1      | IdlyInterested the Demonspawn Gladiator began the quest for
                  | the Orb.
     0 | D:1      | Reached XP level 1. HP: 16/16 MP: 1/1
   154 | D:1      | Reached skill level 3 in Long Blades
   251 | D:1      | Gained mutation: Your demonic aura sometimes causes spilled
                  | blood to erupt in flames. [demonic ancestry]
   251 | D:1      | Reached XP level 2. HP: 22/22 MP: 2/2
   277 | D:1      | Found Yleuhol's Antique Weapon Shoppe.
   669 | D:1      | Gained mutation: You are partially covered in sharp spines.
                  | [demonic ancestry]
   669 | D:1      | Reached XP level 3. HP: 14/27 MP: 3/3
  1301 | D:2      | Reached skill level 4 in Long Blades
  1301 | D:2      | Reached skill level 1 in Armour
  1301 | D:2      | Gained mutation: You are mostly covered in sharp spines.
                  | [demonic ancestry]
  1301 | D:2      | Reached XP level 4. HP: 14/33 MP: 4/4
  1485 | D:2      | You fall into a shaft and drop 1 floor!
  1542 | D:3      | Reached skill level 1 in Stealth
  1604 | D:3      | Gained mutation: You have sharp fingernails. [demonic
                  | ancestry]
  1604 | D:3      | Reached XP level 5. HP: 31/38 MP: 5/5
  2061 | D:2      | Reached skill level 1 in Spellcasting
  2173 | D:2      | Noticed Terence
  2179 | D:2      | Killed Terence
  2180 | D:2      | Reached skill level 5 in Long Blades
  2374 | D:3      | Reached skill level 1 in Evocations
  2494 | D:3      | Gained mutation: You sometimes lose your temper in combat.
                  | [potion of mutation]
  2494 | D:3      | Gained mutation: You have very sharp fingernails. [potion
                  | of mutation]
  2495 | D:3      | Lost mutation: You sometimes lose your temper in combat.
                  | [potion of mutation]
  2495 | D:3      | Lost mutation: You have very sharp fingernails. [potion of
                  | mutation]
  2495 | D:3      | Gained mutation: You have a somewhat thin skeletal
                  | structure. (Dex +2, Stealth+) [potion of mutation]
  2495 | D:3      | Gained mutation: You passively map a small area around you.
                  | [potion of mutation]
  2497 | D:3      | Found Recwung's Antique Weapon Shoppe.
  2728 | D:3      | Found a runed translucent door.
  2729 | D:3      | Noticed ytrimaz's ghost (amateur FoFi)
  2737 | D:3      | Slain by ytrimaz's ghost

Illustrated notes

Levels and vault maps discovered:
D:1:      shiori_arrival_maze, layout_basic, serial_shops, shop,
          amcnicky_mini_pool_small, dreamdust_wishing_well
D:2:      layout_rooms, uniq_terence
D:3:      layout_basic, serial_shops, shop, serial_glass, glass_columns_b,
          glass_columns_a, ebering_ghost_inner_flame

Skill      XL: |  1  2  3  4  5 |
---------------+----------------+-----
Long Blades    | 3 4 5 |  5.3
Dodging        | 3 |  3.0
Throwing       | 2 |  2.0
Armour         | 1 |  1.0
Stealth        | 1 |  1.0
Spellcasting   | 1 |  1.0
Evocations     | 1 |  1.0
Fighting       | |  2.0
Unarmed Combat | |  0.1

Action                   |  1- 3 |  4- 6 || total
-------------------------+-------+-------++-------
Melee: Long sword        |    91 |    54 ||   145
  Use: Scroll            |       |     7 ||     7
       Potion            |       |     2 ||     2
 Stab: Sleeping          |       |     2 ||     2
Armor: Chain mail        |    69 |    19 ||    88
Dodge: Dodged            |    40 |    22 ||    62
Block: Other             |       |     4 ||     4

Table legend: (Time is in decaauts)
 A = Elapsed time spent in this place.
 B = Non-inter-level travel time spent in this place.
 C = Inter-level travel time spent in this place.
 D = Time resting spent in this place.
 E = Time spent auto-exploring this place.
 F = Levels seen in this place.
 G = Mean time per level.
                   A        B        C        D        E       F      G
               +--------+--------+--------+--------+--------+-----+--------+
         Total |   2767 |   2621 |    146 |    632 |   1351 |   3 |  922.3 |
       Dungeon |   2767 |   2621 |    146 |    632 |   1351 |   3 |  922.3 |
               +--------+--------+--------+--------+--------+-----+--------+

Top non-repeatable levels by time:
     D:1: 1353 daAuts
     D:3: 792 daAuts
     D:2: 622 daAuts
